 Dungeon Crawl Stone Soup version 0.32-a0-859-gb0a091d592 (webtiles) character file.

Game seed: 4156642990125084153

49 GleefulGrenadier the Trooper (level 3, 0/29 HPs)
             Began as a Coglin Berserker on Mar 28, 2024.
             Was a Believer of Trog.
             Slain by a gnoll
             ... wielding a +0 halberd
              (14 damage)
             ... on level 2 of the Dungeon.
             The game lasted 00:02:12 (1305 turns).

GleefulGrenadier the Trooper (Coglin Berserker)     Turns: 1305, Time: 00:02:12

Health: 0/29       AC:  4    Str: 17    XL:     3   Next: 77%
Magic:  3/3        EV: 11    Int:  6    God:    Trog [**....]
Gold:   75         SH:  0    Dex: 15    Spells: 2/2 levels left

rFire   . .          .
                       - Unarmed
rCold   . . .        (no shield)
rNeg    . . .        a - +0 animal skin
rPois   .            (no helmet)
rElec   .            (no cloak)
rCorr   .            d - +1 pair of gloves
SInv    .            (no boots)
Will    .....        (amulet unavailable)
Stlth   +            (ring unavailable)
HPRegen 0.24/turn    (ring unavailable)
MPRegen 0.08/turn    (no gizmo)

%: no passive effects
@: on berserk cooldown, slowed, very slow
A: off-hand wielding, slow wielding, warmup strikes, no jewellery
a: Invent Gizmo, Renounce Religion, Berserk, Trog's Hand


You were on level 2 of the Dungeon.
You worshipped Trog.
Trog was pleased with you.
You visited 1 branch of the dungeon, and saw 2 of its levels.

You collected 75 gold pieces.

Inventory:

Armour
 a - a +0 animal skin (worn)
 d - a +1 pair of gloves (worn)
 f - a scarf of shadows
Scrolls
 b - 3 scrolls of teleportation {@r4}
 l - a scroll of noise {!r}
Potions
 c - a potion of curing {unknown}
 i - a potion of heal wounds {unknown}


   Skills:
 + Level 3.4 Fighting
 * Level 1.9 Ranged Weapons
 - Level 1.7 Armour
 + Level 2.3 Dodging
 - Level 2.6 Unarmed Combat


You had 2 spell levels left.
You didn't know any spells.
Your spell library was empty.

Dungeon Overview and Level Annotations

Branches:
Dungeon (2/15)

Altars:


Innate Abilities, Weirdness & Mutations

You can wield a second weapon in your off-hand.
It takes a long time for you to wield or remove held weapons.
Your first few attacks do less damage.
You cannot equip rings or amulets.


Message History

No target in view!
No target in view!
No target in view!
No target in view!
No target in view!
No target in view!
No target in view!
No target in view!
No target in view!
No target in view!
No target in view!
No target in view!
No target in view!
A red film seems to cover your vision as you go berserk!
You feel yourself moving faster!
You feel mighty!
You punch the goblin!
You kill the goblin!
Trog accepts your kill.
The gnoll hits you from afar with a +0 spear.
You see here a +0 dagger.
You closely miss the gnoll.
The ribbon worm expels a string of sticky webbing.
The stream of webbing hits you but does no damage.
You are caught in a web!
You struggle to detach yourself from the web.
The gnoll barely misses you.
The gnoll hits you from afar with a +0 spear.
The gnoll barely misses you.
You struggle to detach yourself from the web.
You feel a strong urge to attack something.
The gnoll hits you from afar with a +0 spear. x2
The gnoll hits you but does no damage.
You struggle to detach yourself from the web.
The web tears apart.
You feel your anger nearly subside.
You are no longer berserk.
You are exhausted.
You feel yourself slow down.
The gnoll hits you from afar with a +0 spear. x2
* * * LOW HITPOINT WARNING * * *
The gnoll hits you but does no damage.
The ribbon worm bites you but does no damage.
You are too injured to fight recklessly!
You are too injured to fight recklessly!
Unknown command.
You are too injured to fight recklessly!
The gnoll attacks as it pursues you! The gnoll hits you with a +0 club.
* * * LOW HITPOINT WARNING * * *
The gnoll attacks as it pursues you!
The gnoll hits you from afar with a +0 halberd!
You die...

..## ##..#.................# .##
#..####.†###.........# .#
##.####....#.........# .#
#....##.............# .#
##....##..#..######### ##
#......##.##.# ###
##....<.##.#..# #...... ..##
##.......##...## .......
##.##++##.......@##)### .......
##.##...........g)w..### .......
...#.......#...##gg....# .......
#..........#..###......# .......
.......#####.## #......###.......
.....### ##.# #........g.......
.....####....####..<...###.......
.....#....####.........# .......
....#..# #.######### .......


You could see a ribbon worm and 3 gnolls.

Vanquished Creatures
  An adder (D:2)
  2 dart slugs (D:1)
  3 ribbon worms (D:2)
  2 endoplasms
  2 giant cockroaches (D:1)
  5 goblins
  A hobgoblin (D:1)
  4 ball pythons
  4 bats
  3 frilled lizards
  A kobold (D:1)
  4 rats
32 creatures vanquished.

Notes
Turn   | Place    | Note
-------+----------+-------------------------------------------
     0 | D:1      | GleefulGrenadier the Coglin Berserker began the quest for
                  | the Orb.
     0 | D:1      | Reached XP level 1. HP: 18/18 MP: 1/1
    91 | D:1      | Reached XP level 2. HP: 24/24 MP: 2/2
   102 | D:1      | Reached skill level 1 in Ranged Weapons
   359 | D:1      | Reached ** piety under Trog
   628 | D:2      | Reached XP level 3. HP: 13/29 MP: 3/3
  1305 | D:2      | Slain by a gnoll

Illustrated notes

Levels and vault maps discovered:
D:1:      dpeg_arrival_leaves_temple_mockup, layout_rooms
D:2:      layout_rooms, kennysheep_minor_cross, kennysheep_generic_room_3

Skill      XL: |  1  2 |
---------------+-------+-----
Dodging        | 2 |  2.3
Ranged Weapons | 1 |  1.9
Fighting       | |  3.4
Armour         | |  1.7
Unarmed Combat | |  2.6

Action                     || total
---------------------------++-------
  Melee: Unarmed           ||   130
         Punch             ||     3
 Invoke: Berserk           ||     1
    Use: Scroll            ||     8
   Stab: Sleeping          ||     1
 Armour: Animal skin       ||    84
  Dodge: Dodged            ||    89

Table legend: (Time is in decaauts)
 A = Elapsed time spent in this place.
 B = Non-inter-level travel time spent in this place.
 C = Inter-level travel time spent in this place.
 D = Time resting spent in this place.
 E = Time spent auto-exploring this place.
 F = Levels seen in this place.
 G = Mean time per level.
                   A        B        C        D        E       F      G
               +--------+--------+--------+--------+--------+-----+--------+
         Total |   1298 |   1296 |      2 |    305 |    703 |   2 |  649.0 |
       Dungeon |   1298 |   1296 |      2 |    305 |    703 |   2 |  649.0 |
               +--------+--------+--------+--------+--------+-----+--------+

Top non-repeatable levels by time:
     D:1: 723 daAuts
     D:2: 575 daAuts
